 Dungeon Crawl Stone Soup version 0.20-a0-1063-gb8e8b7e (webtiles) character file.

126 Rrauwl the Skirmisher (level 5, -1/47 HPs)
             Began as a Ghoul Abyssal Knight on Apr 28, 2017.
             Was a Believer of Lugonu.
             Slain by sour's ghost (12 damage)
             ... on level 3 of the Dungeon.
             The game lasted 00:08:02 (1761 turns).

Rrauwl the Skirmisher (Ghoul Abyssal Knight)        Turns: 1761, Time: 00:08:02

Health: -1/47      AC:  4    Str: 16    XL:     5   Next: 9%
Magic:  6/6        EV: 11    Int:  8    God:    Lugonu [**....]
Gold:   153        SH:  0    Dex:  8    Spells: 3/6 levels left

rFire    . . .     SeeInvis +   a - +2 hand axe
rCold    + . .     Gourm    .   (no shield)
rNeg     + + +     Faith    +   b - +0 leather armour
rPois    ∞         Spirit   .   i - +0 helmet
rElec    .         Reflect  .   (no cloak)
rCorr    .         Harm     .   (no gloves)
MR       .....                  (no boots)
Stlth    +.........             p - amulet of faith
Regen    0.0/turn               h - ring of flight
MPRegen  0.1/turn               m - ring of see invisible

@: flying, very slightly contaminated, rotting, invisible
A: rotting body, claws 1, carnivore 3, cold resistance 1, negative energy
resistance 3, inhibited regeneration, torment resistance, unbreathing
a: Depart the Abyss, Bend Space, Renounce Religion


You were on level 3 of the Dungeon.
You worshipped Lugonu.
Lugonu was pleased with you.
You were not hungry.

You visited 1 branch of the dungeon, and saw 3 of its levels.
You visited the Abyss 1 time.

You collected 153 gold pieces.

Inventory:

Hand Weapons
 a - a +2 hand axe (weapon)
Armour
 b - a +0 leather armour (worn)
 i - a +0 helmet (worn)
Jewellery
 h - a ring of flight (left claw)
 m - a ring of see invisible (right claw)
 p - an amulet of faith (around neck)
Scrolls
 e - a scroll of teleportation {unknown}
 j - a scroll of identify {unknown}
 n - a scroll of recharging {unknown}
 o - a scroll of immolation {unknown}
 q - a scroll of blinking {unknown}
 r - a scroll of enchant weapon
Potions
 s - a potion of lignification
Books
 f - a book of Geomancy

   Spells                             Type                      Level
   a - Sandblast                      Earth                        1
   b - Passwall                       Transmutation/Earth          2
   c - Stone Arrow                    Conjuration/Earth            3
   d - Petrify                        Transmutation/Earth          4
   e - Lee's Rapid Deconstruction     Earth                        5
Comestibles
 c - a meat ration
 g - 2 royal jellies
 l - 6 chunks of flesh


   Skills:
 + Level 4.3 Fighting
 + Level 2.5 Axes
 - Level 2.0 Armour
 - Level 1.0 Dodging
 + Level 1.4 Spellcasting
 + Level 1.2 Conjurations
 + Level 1.0 Earth Magic
 - Level 2.0 Invocations


You had 3 spell levels left.
You knew the following spells:

 Your Spells              Type           Power        Failure   Level  Hunger
a - Stone Arrow           Conj/Erth      #.....       65%         3    ####...


Dungeon Overview and Level Annotations

Branches:
Dungeon (3/15)

Altars:
Fedhas

Annotations:
D:3 sour's ghost, amateur FoFi


Innate Abilities, Weirdness & Mutations

Your body is rotting away.
You thrive on raw meat.
You are immune to poison.
You have sharp fingernails.
You are carnivorous and can eat meat at any time.
Your flesh is cold resistant. (rC+)
You are immune to negative energy. (rN+++)
You do not regenerate when monsters are visible.
You are immune to unholy pain and torment.
You can survive without breathing.


Message History

You hit the adder.
The adder is almost dead.
You slash the adder!
You kill the adder!
Lugonu accepts your kill.
Your Earth Magic skill increases to level 1!
It was a potion of flight.
You feel very buoyant.
You fly up into the air.
Sour's ghost hits you!
You aren't carrying any items that you can evoke.
You barely miss sour's ghost. Sour's ghost hits you.
You hit sour's ghost.
Sour's ghost is lightly damaged.
Sour's ghost hits you!
* * * LOW HITPOINT WARNING * * *
Sour's ghost barely misses you.
You barely miss sour's ghost.
Sour's ghost is lightly damaged.
Sour's ghost hits you!
You die...

###.....#### ## .#
#.........# ..#
#.##....#.### #..#
#...#...#...# #..#
##.##..###.####
#..##### #.....###....#
#.....# ###.....##.#
###...#### #.(...# #
#...#rW@.####.....#
#..#.####.##.......#
#....r..##.###......#
#........##..........#
#....W....########....#
.....%..... #....#
.#........## #....#
#.....)..# #....#
.......... ...<.#


You could see sour's ghost and a rat.

Vanquished Creatures
  6 adders
  An ooze (D:2)
  5 worms
  2 leopard geckos
  3 giant cockroaches (D:2)
  2 goblins (D:1)
  5 hobgoblins
  7 jackals
  A quokka (D:3)
  2 ball pythons
  4 bats
  5 frilled lizards
  6 kobolds
  6 rats
55 creatures vanquished.

Notes
Turn   | Place    | Note
-------+----------+-------------------------------------------
     0 | Abyss:1  | Rrauwl the Ghoul Abyssal Knight began the quest for the Orb.
     0 | Abyss:1  | Reached XP level 1. HP: 19/19 MP: 1/1
   105 | Abyss:2  | Noticed an ancient zyme
   111 | D:1      | Escaped the Abyss
   184 | D:1      | Reached skill level 1 in Dodging
   208 | D:1      | Reached XP level 2. HP: 23/26 MP: 2/2
   212 | D:1      | Reached * piety under Lugonu
   782 | D:2      | Reached skill level 1 in Spellcasting
   782 | D:2      | Reached XP level 3. HP: 11/33 MP: 3/3
   787 | D:2      | Learned a level 3 spell: Stone Arrow
  1137 | D:2      | Found a blossoming altar of Fedhas.
  1142 | D:2      | Reached skill level 4 in Fighting
  1146 | D:2      | Reached XP level 4. HP: 28/40 MP: 4/4
  1636 | D:2      | Reached skill level 1 in Conjurations
  1696 | D:3      | Reached ** piety under Lugonu
  1704 | D:3      | Reached XP level 5. HP: 35/46 MP: 6/6
  1738 | D:3      | Noticed sour's ghost (amateur FoFi)
  1757 | D:3      | Reached skill level 1 in Earth Magic
  1761 | D:3      | Slain by sour's ghost

Vault maps used:
D:1:      eino_arrival_tree_alley, minmay_tetromino_o2
D:2:      first_bread, hangedman_abyss_or_decor_stabs, fedhas_altar_1
D:3:      tso_metal_star

Skill      XL: |  1  2  3  4  5 |
---------------+----------------+-----
Axes           | 2 |  2.5
Dodging        | 1 |  1.0
Armour         | 2 |  2.0
Spellcasting   | 1 |  1.4
Fighting       | 4 |  4.3
Conjurations   | 1 |  1.2
Earth Magic    | 1 |  1.0
Invocations    | |  2.0

Action                   |  1- 3 |  4- 6 || total
-------------------------+-------+-------++-------
Melee: Hand axe          |   108 |   112 ||   220
Invok: Depart the Abyss  |     1 |       ||     1
  Use: Scroll            |     3 |       ||     3
       Potion            |       |     3 ||     3
 Stab: Invisible         |       |     4 ||     4
  Eat: Chunk             |     3 |     8 ||    11
Armor: Leather armour    |    40 |    36 ||    76
Dodge: Dodged            |    65 |    77 ||   142
